 Dungeon Sprint DCSS version 0.19.3-4-gbf9329e (webtiles) character file.

442 Kagutsuchi the Fighter (level 6, -14/61 (63) HPs)
             Began as a Draconian Berserker on Jan 28, 2017.
             Was an Elder of Trog.
             Demolished by a tyrant leech (26 damage)
             ... in the Dungeon (Sprint II: "The Violet Keep of Menkaure").
             The game lasted 00:01:32 (642 turns).

Kagutsuchi the Fighter (Draconian Berserker)         Turns: 642, Time: 00:01:33

HP:   -14/61 (63)   AC:  6    Str: 20    XL:     6   Next: 71%
MP:   6/6           EV: 16    Int:  7    God:    Trog [****..]
Gold: 243           SH:  0    Dex: 12    Spells: 0 memorised, 5 levels left

rFire  . . .     SeeInvis .     a - +0 falchion
rCold  . . .     Gourm    .     (armour unavailable)
rNeg   . . .     Faith    .     (no shield)
rPois  .         Spirit   .     (helmet restricted)
rElec  .         Reflect  .     (no cloak)
rCorr  .         Harm     .     (no gloves)
MR     .....     NoTele   +     (no boots)
Stlth  +.........               (no amulet)
                                (no ring)
                                (no ring)

@: exhausted, slowed, very slow
A: unfitting armour, cold-blooded, AC +6
a: Berserk, Trog's Hand, Brothers in Arms, Burn Spellbooks, Renounce Religion


You were in the Dungeon.
You worshipped Trog.
Trog was greatly pleased with you.
You were very hungry.

You visited 1 branch You collected 243 gold pieces.

Inventory:

Hand Weapons
 a - a +0 falchion (weapon)
Scrolls
 h - a scroll of blinking
Potions
 c - a potion of curing
 d - a potion of heal wounds
 e - a potion of haste
 f - 2 potions of magic
 g - a potion of berserk rage
Comestibles
 b - a bread ration


   Skills:
 + Level 9.3 Fighting
 + Level 9.3 Long Blades
 + Level 8.2 Dodging


You had 5 spell levels left.
You didn't know any spells.

Dungeon Overview and Level Annotations

Branches:
Dungeon (1/1)

Altars:


Innate Abilities, Weirdness & Mutations

Your plain brown scales are hard. (AC +6)
You cannot fit into any form of body armour.
You are cold-blooded and may be slowed by cold attacks.


Message History

You miss the tyrant leech.
The tyrant leech is severely wounded.
The tyrant leech barely misses you.
You miss the tyrant leech.
Your tail-slap misses the tyrant leech.
The tyrant leech is severely wounded.
Unknown command.
You miss the tyrant leech.
The tyrant leech is severely wounded.
The tyrant leech bites you!!
* * * LOW HITPOINT WARNING * * *
The tyrant leech draws strength from your injuries!
You barely miss the tyrant leech.
The tyrant leech is heavily wounded.
You are no longer berserk.
You are exhausted.
You feel yourself slow down.
You miss the tyrant leech.
The tyrant leech is heavily wounded.
The tyrant leech bites you!!
You die...

## ## ##$ .## ####
.. .. ..# ## w#.
###..## ##.#
#w###.##..#
#...##@##...#..#
#'.<.††##+..###
#...##.####.#....#
##.# #'#
#.##......≈≈ ##
#.#.####≈≈.....≈#
#.. ..# ≈≈§≈≈≈§.≈#
### ###≈≈§≈≈≈≈§.≈#
≈≈≈≈§≈≈§≈§≈#
≈≈≈≈≈≈≈≈≈≈≈≈#


You could see 2 tyrant leeches.

Vanquished Creatures
  4 necrophages (D)
  4 worker ants (D)
  3 worms (D)
11 creatures vanquished.

Vanquished Creatures (others)
  A crocodile (D)
1 creature vanquished.

Grand Total: 12 creatures vanquished

Notes
Turn   | Place    | Note
-------+----------+-------------------------------------------
     0 | D        | Kagutsuchi the Draconian Berserker began the quest for the Orb.
     0 | D        | Reached XP level 1. HP: 19/19 MP: 1/1
     5 | D        | Noticed a necrophage
     5 | D        | Noticed a necrophage
     5 | D        | Noticed a necrophage
     5 | D        | Noticed a necrophage
    10 | D        | Killed a necrophage
    10 | D        | Reached skill level 5 in Long Blades
    10 | D        | Reached skill level 5 in Dodging
    10 | D        | Reached XP level 2. HP: 30/30 MP: 2/2
    10 | D        | Reached XP level 3. HP: 37/37 MP: 3/3
    10 | D        | Reached XP level 4. HP: 44/44 MP: 4/4
    17 | D        | Killed a necrophage
    17 | D        | Reached XP level 5. HP: 43/52 MP: 5/5
    28 | D        | Killed a necrophage
    28 | D        | Reached ** piety under Trog
    34 | D        | Killed a necrophage
    34 | D        | Reached XP level 6. HP: 32/60 MP: 6/6
   318 | D        | Noticed a tyrant leech
   318 | D        | Noticed a tyrant leech
   333 | D        | Reached *** piety under Trog
   482 | D        | Reached **** piety under Trog
   642 | D        | Demolished by a tyrant leech

Skill      XL: |  1  2  3  4  5  6 |
---------------+-------------------+-----
Fighting       | 6 7 8 9 |  9.3
Long Blades    | 5 7 8 9 |  9.3
Dodging        | 5 6 7 8 |  8.2

Action                   |  1- 3 |  4- 6 || total
-------------------------+-------+-------++-------
Melee: Falchion          |     2 |    82 ||    84
       Tailslap          |     1 |    19 ||    20
Invok: Berserk           |     1 |     1 ||     2
Armor: Skin              |     1 |     7 ||     8
Dodge: Dodged            |     2 |    34 ||    36
       Rpst.: Falchion   |       |    15 ||    15
